 Dungeon Crawl Stone Soup version 0.20.1-1-g8b1a95d (webtiles) character file.

21 dohliylev the Sneak (level 2, 0/19 HPs)
             Began as a Vampire Enchanter on July 15, 2017.
             Slain by a kobold
             ... wielding a +0 short sword
              (3 damage)
             ... on level 1 of the Dungeon.
             The game lasted 00:03:03 (872 turns).

dohliylev the Sneak (Vampire Enchanter)              Turns: 872, Time: 00:03:03

Health: 0/19       AC:  2    Str: 12    XL:     2   Next: 62%
Magic:  4/5        EV: 12    Int: 17    God:
Gold:   30         SH:  0    Dex: 14    Spells: 2/5 levels left

rFire    . . .     SeeInvis +   a - +1 dagger
rCold    . . .     Gourm    .   (no shield)
rNeg     + . .     Faith    .   b - +0 robe
rPois    .         Spirit   .   (no helmet)
rElec    .         Reflect  .   (no cloak)
rCorr    .         Harm     .   (no gloves)
MR       .....                  (no boots)
Stlth    +++.......             (no amulet)
Regen    0.1/turn               (no ring)
MPRegen  0.1/turn               (no ring)

@: mighty
A: fangs 3, see invisible, unbreathing
a: no special abilities


You were on level 1 of the Dungeon.
You were not thirsty.

You visited 1 branch of the dungeon, and saw 1 of its levels.

You collected 30 gold pieces.

Inventory:

Hand Weapons
 a - a +1 dagger (weapon)
Armour
 b - a +0 robe (worn)
Scrolls
 j - a scroll of random uselessness {unknown}
Potions
 d - 2 potions of blood
 g - a potion of agility {unknown}
 i - a potion of haste {unknown}
Books
 c - a book of Maledictions

   Spells                             Type                      Level
   a - Corona                         Hexes                        1
   b - Ensorcelled Hibernation        Hexes/Ice                    2
   c - Confuse                        Hexes                        3
   d - Tukima's Dance                 Hexes                        3
   e - Dazzling Spray                 Conjuration/Hexes            3


   Skills:
 + Level 0.1 Fighting
 + Level 1.1 Short Blades
 - Level 2.1 Dodging
 + Level 6.0 Stealth
 - Level 2.0 Spellcasting
 - Level 4.4 Hexes


You had 2 spell levels left.
You knew the following spells:

 Your Spells              Type           Power        Failure   Level  Hunger
a - Corona                Hex            ###....      3%          1    #......
b - Ensorcelled Hibernat  Hex/Ice        #.....       12%         2    ###....


Dungeon Overview and Level Annotations

Branches:
Dungeon (1/15)

Altars:


Innate Abilities, Weirdness & Mutations

You have razor-sharp teeth.
You have supernaturally acute eyesight. (SInv)
You can survive without breathing.


Message History

Aim: a jackal (chance to defeat MR: 58%)
The jackal looks drowsy...
You start resting.
Your magical contamination has completely faded away.
It was a potion of might.
You feel very mighty all of a sudden.
Okay, then.
Adjust to which letter? (? for menu, Esc to quit)
d - 2 potions of blood You open the door.
A bat and a kobold come into view.
The kobold shouts!
Found a scroll of identify.
Found a stone staircase leading down.
Found 3 gold pieces.
There is an open door here.
The kobold hits you with a short sword.
* * * LOW HITPOINT WARNING * * *
You barely miss the kobold. Your bite misses the kobold.
The bat hits you but does no damage. The kobold hits you with a short sword.
You die...

.##.##.######..#
...........##..#
#......#.##..###
#...##.......#
#.........#.#
#.######.##.###.# #.#
#........# ##'##
####.##### #.@.# #.##
#.Kb..# #..# #.......#
##..#
#.........####...#####
.'......>..+...........
###.?.......####...#####
##.$.....## ##..#
##.....## #.... #.#.#


You could see a bat and a kobold.

Vanquished Creatures
  A dart slug (D:1)
  2 giant cockroaches (D:1)
  A hobgoblin (D:1)
  6 jackals (D:1)
  A kobold (D:1)
  3 bats (D:1)
  A frilled lizard (D:1)
  A rat (D:1)
16 creatures vanquished.

Notes
Turn   | Place    | Note
-------+----------+-------------------------------------------
     0 | D:1      | dohliylev the Vampire Enchanter began the quest for the Orb.
     0 | D:1      | Reached XP level 1. HP: 13/13 MP: 3/3
   402 | D:1      | Reached skill level 5 in Stealth
   521 | D:1      | Reached XP level 2. HP: 19/19 MP: 5/5
   543 | D:1      | Learned a level 2 spell: Ensorcelled Hibernation
   803 | D:1      | Reached skill level 6 in Stealth
   872 | D:1      | Slain by a kobold

Skill      XL: |  1  2 |
---------------+-------+-----
Stealth        | 5 6 |  6.0
Fighting       | |  0.1
Short Blades   | |  1.1
Dodging        | |  2.1
Spellcasting   | |  2.0
Hexes          | |  4.4

Action                   || total
-------------------------++-------
Melee: Dagger            ||    61
       Bite              ||     3
 Cast: Corona            ||     3
       Ensorcelled Hiber ||     3
  Use: Potion            ||     2
       Scroll            ||     3
 Stab: Sleeping          ||     8
       Distracted        ||     1
  Eat: Corpse            ||     2
Armor: Robe              ||    18
Dodge: Dodged            ||    40
